 Dungeon Crawl Stone Soup version 0.29.1-14-g9c671dbff4 (webtiles) character file.

Game seed: 8932044810397628474

87 leafyfresh the Ducker (level 4, -3/27 HPs)
             Began as an Octopode Earth Elementalist on Feb 20, 2023.
             Slain by a black bear (6 damage)
             ... on level 5 of the Dungeon.
             The game lasted 00:02:11 (2975 turns).

leafyfresh the Ducker (Octopode Earth Elementalist) Turns: 2975, Time: 00:02:12

Health: -3/27      AC:  1    Str:  7    XL:     4   Next: 51%
Magic:  5/8        EV: 14    Int: 19    God:
Gold:   115        SH:  0    Dex: 12    Spells: 8/9 levels left

rFire   . . .      SeeInvis .   l - +3 dagger (pain)
rCold   . . .      Faith    .   (no shield)
rNeg    . . .      Spirit   .   (helmet restricted)
rPois   .          Reflect  .   (no amulet)
rElec   .          Harm     .   (no ring)
rCorr   .          Rampage  .   (no ring)
Will    .....                   (no ring)
Stlth   +++.......              (no ring)
HPRegen 0.09/turn               (no ring)
MPRegen 0.11/turn               (no ring)
                                (no ring)
                                (no ring)

@: no status effects
A: almost no armour, amphibious, 8 rings, camouflage 1, gelatinous body 1,
(nimble swimmer 1), tentacles
a: no special abilities


You were on level 5 of the Dungeon.
You visited 1 branch of the dungeon, and saw 4 of its levels.

You collected 115 gold pieces.

Inventory:

Hand Weapons
 d - a +0 dagger
 l - a +3 dagger of pain (weapon)
Armour
 f - an orb of wrath
Scrolls
 b - a scroll of vulnerability {unknown}
 c - 4 scrolls of identify {unknown}
 g - 2 scrolls of immolation {unknown}
 i - a scroll of poison {unknown}
 k - a scroll of silence {unknown}
 n - a scroll of magic mapping {unknown}
 o - a scroll of fog {unknown}
 q - a scroll of enchant weapon {unknown}
 r - a scroll of blinking {unknown}
Potions
 a - 3 potions of magic
 e - 4 potions of curing {unknown}
 h - a potion of attraction {unknown}
 j - a potion of might {unknown}
 m - a potion of heal wounds {unknown}
 p - 2 potions of flight {unknown}


   Skills:
 + Level 3.5 Dodging
 - Level 2.6 Stealth
 + Level 3.2 Spellcasting
 - Level 1.0 Transmutations
 + Level 3.0 Earth Magic


You had 8 spell levels left.
You knew the following spells:

 Your Spells              Type           Power      Damage    Failure   Level
a - Sandblast             Erth           28%        2d8       4%          1

Your spell library contained the following spells:

 Spells                   Type           Power      Damage    Failure   Level
 Passwall                 Tmut/Erth      8%         N/A       10%         2
 Stone Arrow              Conj/Erth      16%        3d8       24%         3
 Petrify                  Tmut/Erth      10%        N/A       54%         4


Dungeon Overview and Level Annotations

Branches:
Dungeon (3/15)

Altars:
Zin

Annotations:
D:3 1 transporter


Innate Abilities, Weirdness & Mutations

You cannot wear most types of armour.
You are amphibious.
You can wear up to eight rings at the same time.
Your skin changes colour to match your surroundings (Stealth+).
Your rubbery body absorbs attacks. (AC +1, EV +1)
((You are camouflaged when in or above water. (Stealth+)))
You have tentacles for arms and can constrict up to eight enemies at once.


Message History

The shadow imp is almost dead.
The shadow imp hits you.
There are monsters nearby!
You hit the shadow imp.
You kill the shadow imp!
A black bear is nearby!
The black bear bites you! The black bear closely misses you. x2
A black bear is nearby!
Casting: Sandblast (safe; 4% risk of failure)
Confirm with . or Enter, or press ? or * to list all spells.
Aiming: Sandblast (safe; 4% risk of failure)
Press: ? - help, Shift-Dir - straight line, f - black bear
Aim: a black bear (87% to hit)
The blast of sand hits the black bear.
The black bear is lightly wounded.
The black bear bites you. The black bear claws you.
* * * LOW HITPOINT WARNING * * *
The black bear claws you.
* * * LOW HITPOINT WARNING * * *
Casting: Sandblast (safe; 4% risk of failure)
Confirm with . or Enter, or press ? or * to list all spells.
Aiming: Sandblast (safe; 4% risk of failure)
Press: ? - help, Shift-Dir - straight line, f/p - black bear
Aim: a black bear (lightly wounded, 87% to hit)
The blast of sand hits the black bear but does no damage.
The black bear is lightly wounded.
The black bear completely misses you.
The black bear claws you but does no damage.
The black bear barely misses you. x2; The black bear claws you.
* * * LOW HITPOINT WARNING * * *
The black bear misses you.
Casting: Sandblast (safe; 4% risk of failure)
Confirm with . or Enter, or press ? or * to list all spells.
Aiming: Sandblast (safe; 4% risk of failure)
Press: ? - help, Shift-Dir - straight line, f/p - black bear
Aim: a black bear (87% to hit)
The blast of sand hits the black bear!
The black bear is heavily wounded.
The black bear bites you.
You die...

.......# .......
##.....## #...<...#
##.......# ........#
#^h..?#... #########
#@.......
#.......####.###....
#.#####...#..##... .
#...# ###..>.......
###.####.......#...
#####.........##.# .
#...........#......
#...#######..#########
#. #.##


You could see a black bear.

Vanquished Creatures
  Natasha (D:3)
  A shadow imp (D:5)
  2 worms (D:2)
  2 dart slugs
  3 ball pythons
  3 bats
  3 endoplasms
  2 giant cockroaches
  5 goblins
  6 hobgoblins
  2 quokkas
  4 frilled lizards
  5 kobolds
  3 rats (D:1)
42 creatures vanquished.

Notes
Turn   | Place    | Note
-------+----------+-------------------------------------------
     0 | D:1      | leafyfresh the Octopode Earth Elementalist began the quest
                  | for the Orb.
     0 | D:1      | Reached XP level 1. HP: 11/11 MP: 3/3
   295 | D:1      | Reached XP level 2. HP: 17/17 MP: 5/5
  1335 | D:2      | Reached XP level 3. HP: 18/21 MP: 6/6
  1649 | D:2      | Identified the +12 short sword of the Shimmering Gods
                  | {holy, Will+}
  1802 | D:2      | Found a faded altar of an unknown god.
  2127 | D:3      | Found a transporter.
  2306 | D:3      | Noticed Natasha
  2313 | D:3      | Killed Natasha
  2314 | D:3      | Reached XP level 4. HP: 11/27 MP: 4/8
  2692 | D:3      | Found a glowing silver altar of Zin.
  2951 | D:3      | You fall into a shaft and drop 2 floors!
  2951 | D:5      | Entered Level 5 of the Dungeon
  2969 | D:5      | Noticed a black bear
  2975 | D:5      | Slain by a black bear

Illustrated notes

Levels and vault maps discovered:
D:1:      dpeg_arrival_round_a, layout_basic, minmay_misc_feat_ornament,
          minmay_cupped
D:2:      layout_basic, shapermc_ecumenical_altar_flowoftime, st_stairs_14
D:3:      layout_basic, zin_academy, mainiacjoe_overflow_alcove_3,
          gammafunk_ghost_stat_death, uniq_natasha
D:5:      layout_rooms

Skill      XL: |  1  2  3 |
---------------+----------+-----
Dodging        | 3 |  3.5
Spellcasting   | 3 |  3.2
Stealth        | |  2.6
Transmutations | |  1.0
Earth Magic    | |  3.0

Action                   |  1- 3 |  4- 6 || total
-------------------------+-------+-------++-------
Melee: Dagger            |    51 |    13 ||    64
       Unarmed           |     2 |       ||     2
       Tentacles         |     6 |     4 ||    10
       Constrict         |     9 |     4 ||    13
 Cast: Sandblast         |     8 |     9 ||    17
 Stab: Sleeping          |    12 |     1 ||    13
       Distracted        |     1 |       ||     1
Armor: Skin              |     4 |     2 ||     6
Dodge: Dodged            |    24 |    16 ||    40
